 Dungeon Crawl Stone Soup version 0.31.0-4-g52a2dc7128 (webtiles) character file.

Game seed: 14176998538493742423

616 olmar the Cudgeller (level 7, -4/44 HPs)
             Began as a Gargoyle Fighter on Jan 22, 2024.
             Killed by divine providence
             ... invoked by an orc priest
              (12 damage)
             ... on level 4 of the Dungeon.
             The game lasted 00:03:42 (2599 turns).

olmar the Cudgeller (Gargoyle Fighter)              Turns: 2599, Time: 00:03:43

Health: -4/44      AC: 14    Str: 22    XL:     7   Next: 45%
Magic:  7/7        EV:  9    Int:  8    God:
Gold:   95         SH:  4    Dex:  9    Spells: 6/6 levels left

rFire   . . .        a - +0 flail
rCold   . . .        c - +0 buckler
rNeg    + . .        b - +0 scale mail
rPois   ∞            d - +0 helmet
rElec   +            (no cloak)
rCorr   .            f - +0 pair of gloves
SInv    .            (no boots)
Will    .....        (no amulet) Stlth
                     (no ring)
HPRegen 0.27/turn    (no ring)
MPRegen 0.10/turn

%: no passive effects
@: no status effects
A: sickness immunity, AC +4, negative energy resistance 1, electricity
resistance, torment resistance 1, petrification resistance
a: no special abilities


You were on level 4 of the Dungeon.
You visited 1 branch of the dungeon, and saw 4 of its levels.

You collected 95 gold pieces.

Inventory:

Hand Weapons
 a - a +0 flail (weapon)
 i - a +1 mace of protection
Missiles
 h - 3 poisoned darts (quivered)
Armour
 b - a +0 scale mail (worn)
 c - a +0 buckler (worn)
 d - a +0 helmet (worn)
 f - a +0 pair of gloves (worn)
Scrolls
 g - a scroll of torment
 k - a scroll of revelation {unknown}
Potions
 l - a potion of haste
 m - a potion of brilliance


   Skills:
 + Level 4.7 Fighting
 + Level 5.9 Maces & Flails
 + Level 5.2 Armour
 + Level 4.2 Shields


You had 6 spell levels left.
You didn't know any spells.
Your spell library contained the following spells:

 Spells                   Type           Power      Damage    Failure   Level
 Sting                    Conj/Alch      0%         1d3       78%         1
 Mercury Vapours          Alch/Air       0%         N/A       89%         2
 Hailstorm                Conj/Ice       0%         3d5       98%         3
 Summon Ice Beast         Ice/Summ       0%         N/A       98%         3
 Olgreb's Toxic Radiance  Alch           0%         N/A       100%        4
 Sculpt Simulacrum        Ice/Alch       0%         N/A       100%        6


Dungeon Overview and Level Annotations

Branches:
Dungeon (4/15)
 Temple: D:4-7

Altars:
Nemelex Xobeh
Okawaru
The Shining One

Shops:
D:1 *


Innate Abilities, Weirdness & Mutations

You are immune to sickness and miasma.
Your stone body is resilient. (AC +4)
You are immune to poison.
You resist negative energy. (rN+)
You are resistant to electric shocks. (rElec)
You are resistant to unholy torment.
You are immune to petrification.


Message History

You closely miss something.
The orc priest calls down the wrath of Beogh upon you.
Beogh smites you!
* * * LOW HITPOINT WARNING * * *
Something hits you but does no damage.
Unknown command.
You miss something. Something hits you but does no damage.
You feel better.
Reactivating autopickup.
You feel a bit more experienced.
Okay, then.
You hit the orc priest.
The orc priest is moderately wounded.
The orc priest calls down the wrath of Beogh upon you.
Beogh smites you!
* * * LOW HITPOINT WARNING * * *
Unknown command.
You barely miss the orc priest.
The orc priest is moderately wounded.
The orc priest hits you with a +0 flail.
* * * LOW HITPOINT WARNING * * *
The orc priest hits you but does no damage.
Unknown command.
You hit the orc priest.
The orc priest is heavily wounded.
You block the orc priest's attack.
Unknown command.
You barely miss the orc priest.
The orc priest is heavily wounded.
The orc priest hits you but does no damage.
Unknown command.
You closely miss the orc priest.
The orc priest is heavily wounded.
The orc priest hits you but does no damage.
Unknown command.
You barely miss the orc priest.
The orc priest is heavily wounded.
The orc priest calls down the wrath of Beogh upon you.
Beogh smites you!
You die...

#.......# #.......#
#...>...# #.......+
##. #.......#!...
####............
.........o......
#######.#...o...
#..@o)..#.o..{..
#.#####.#.......
#.# #.#.......
#.###.# #.##....##
#.....#####..######
#####........##
#.........#
#.........#
###...###.#


You could see an orc priest.

Vanquished Creatures
  Grinder (D:4)
  Sigmund (D:3)
  2 hounds
  An orc priest (D:4)
  3 orc wizards
  Robin (D:2)
  2 adders
  2 ribbon worms
  4 orcs
  3 ball pythons
  3 bats
  6 endoplasms
  2 giant cockroaches
  10 goblins
  4 hobgoblins
  6 kobolds
  2 quokkas (D:1)
  A frilled lizard (D:2)
  4 rats
58 creatures vanquished.

Notes
Turn   | Place    | Note
-------+----------+-------------------------------------------
     0 | D:1      | olmar the Gargoyle Fighter began the quest for the Orb.
     0 | D:1      | Reached XP level 1. HP: 14/14 MP: 1/1
    48 | D:1      | Found a faded altar of an unknown god.
   180 | D:1      | Reached XP level 2. HP: 9/19 MP: 2/2
   452 | D:1      | Found Ysapik's General Store.
   717 | D:2      | Noticed Robin
   797 | D:2      | Reached XP level 3. HP: 19/23 MP: 3/3
   886 | D:2      | Found an iron altar of Okawaru.
  1170 | D:2      | Killed Robin
  1171 | D:2      | Reached XP level 4. HP: 12/29 MP: 4/4
  1805 | D:3      | Reached XP level 5. HP: 28/33 MP: 5/5
  2133 | D:3      | Noticed Sigmund
  2146 | D:3      | Killed Sigmund
  2147 | D:3      | Reached XP level 6. HP: 20/39 MP: 6/6
  2245 | D:3      | Found a glowing golden altar of the Shining One.
  2335 | D:4      | Found a sparkling altar of Nemelex Xobeh.
  2411 | D:4      | Noticed Grinder
  2425 | D:4      | Killed Grinder
  2426 | D:4      | Reached skill level 5 in Maces & Flails
  2426 | D:4      | Reached skill level 5 in Armour
  2426 | D:4      | Reached XP level 7. HP: 33/44 MP: 7/7
  2599 | D:4      | Killed from afar by an orc priest

Illustrated notes

Levels and vault maps discovered:
D:1:      mainiacjoe_arrival_oval_in_oval, layout_basic,
          shapermc_ecumenical_altar_hornbeckon, serial_shops, shop
D:2:      layout_basic, basic_altar, uniq_robin
D:3:      layout_basic, tso_oasis_becter, uniq_sigmund
D:4:      layout_basic, amcnicky_altar_gilded, uniq_natasha, uniq_grinder,
          uniq_menkaure, uniq_edmund

Skill      XL: |  1  2  3  4  5  6 |
---------------+-------------------+-----
Armour         | 4 5 |  5.2
Maces & Flails | 3 4 5 |  5.9
Fighting       | 4 |  4.7
Shields        | 4 |  4.2

Action                     |  1- 3 |  4- 6 |  7- 9 || total
---------------------------+-------+-------+-------++-------
  Melee: Flail             |   111 |    78 |    40 ||   229
  Throw: Dart              |       |       |     1 ||     1
    Use: Potion            |     2 |       |     1 ||     3
         Scroll            |       |     5 |       ||     5
 Armour: Scale mail        |    92 |    52 |    37 ||   181
  Dodge: Dodged            |    44 |    38 |     4 ||    86
  Block: Buckler           |    23 |    12 |     8 ||    43
